Map: Dragon Scales LE

Players

Shane

  • Race: Zerg Zerg
  • League: Master
  • Spawn Location: 11:00

Maldryl - Winner!

  • Race: Zerg Zerg
  • League: Diamond
  • Spawn Location: 5:00

VOD

Have the link to the VOD?

Description

Time

  • Played on: May 12, 2023, 3:01 p.m.
  • Length: 4:03
Show
View Real Time Build Order
Export as new Build Order

Shane Zerg 

Build Orders: Pool First 

Get SALT Encoding   

  12  0:00  Drone  
  13  0:13  Overlord  
  13  0:20  Drone  
  14  0:31  Drone x2  
  16  0:36  Drone  
  17  0:49  Spawning Pool  
  16  0:50  Drone  
  16  0:56  Drone  
  18  1:11  Hatchery  
  17  1:16  Extractor  
  16  1:36  Zergling x6  
  19  1:40  Queen  
  21  1:47  Overlord  
  21  1:59  Drone  
  22  2:08  Drone  
  23  2:16  Queen  
  23  2:19  Metabolic Boost  
  23  2:21  Drone  
  26  2:37  Drone  
  27  2:42  Drone  
  27  2:43  Queen  
  30  2:44  Overlord  
  30  2:48  Drone x2  
  30  2:50  Drone x3  
  35  2:57  Drone  
  36  3:07  Drone x3  
  39  3:17  Overlord  
  39  3:19  Drone  
  40  3:31  Drone x4  
  44  3:36  Overlord  
  44  3:40  Drone  
  44  3:50  Drone x3  
Show
View Real Time Build Order
Export as new Build Order

Maldryl Zerg - Winner!

Build Orders: Hatch First 

Get SALT Encoding   

  12  0:00  Drone  
  13  0:12  Overlord  
  13  0:16  Drone  
  14  0:30  Drone x2  
  16  0:50  Hatchery  
  16  0:52  Drone  
  16  0:54  Drone  
  17  0:58  Drone  
  18  1:08  Extractor  
  17  1:14  Spawning Pool  
  17  1:17  Drone  
  17  1:21  Drone  
  18  1:27  Drone  
  19  1:39  Drone  
  20  1:50  Drone  
  21  2:01  Queen  
  21  2:02  Queen  
  21  2:03  Zergling x4  
  27  2:09  Spine Crawler  
  27  2:10  Zergling x2  
  27  2:14  Metabolic Boost  
  28  2:22  Zergling x2  
  28  2:45  Overlord  
  28  2:50  Overlord  
  28  3:02  Queen x2  
  32  3:07  Zergling x8  
  36  3:13  Zergling x10  
  41  3:28  Drone x2  
  41  3:29  Drone  
  41  3:30  Baneling Nest  
  43  3:37  Drone  
Tags
 
Add a new tag
Caveats
  • Supply blocks, unpowered buildings, or Contaminate may cause inaccurate times.
  • Supply counts are checked every 10 seconds.